 Dungeon Crawl Stone Soup version 0.21.1-1-g345015fe64 (webtiles) character file.

27687 JOKERXD40 the Severer (level 13, -13/119 HPs)
             Began as a Hill Orc Monk on June 20, 2018.
             Was a High Priest of Beogh.
             Mangled by a deep elf knight
             ... wielding a +0 scimitar of draining
              (16 damage)
             ... on level 1 of the Elven Halls on June 22, 2018.
             The game lasted 01:38:51 (14430 turns).

JOKERXD40 the Severer (Hill Orc Monk)              Turns: 14430, Time: 01:38:51

Health: -13/119    AC: 18    Str: 19    XL:     13   Next: 34%
Magic:  15/15      EV:  9    Int: 13    God:    Beogh [*****.]
Gold:   1198       SH:  0    Dex: 13    Spells: 12/12 levels left

rFire    . . .     SeeInvis .   C - +2 war axe
rCold    + . .     Gourm    .   (no shield)
rNeg     . . .     Faith    .   T - +1 chain mail {rC+}
rPois    .         Spirit   .   s - +1 helmet
rElec    .         Reflect  .   (no cloak)
rCorr    .         Harm     .   B - +0 pair of gloves
MR       .....                  (no boots)
Stlth    ..........             r - amulet of rage
HPRegen  0.29/turn              a - +3 ring of intelligence
MPRegen  0.14/turn              H - +3 ring of protection

@: lethally poisoned (-13 -> -24), heavily drained
A: walk on water
a: Smiting, Recall Orcish Followers, Give Item to Named Follower, Renounce
Religion, Evoke Berserk Rage


You were on level 1 of the Elven Halls.
You worshipped Beogh.
Beogh was extremely pleased with you.
You were near starving.

You visited 3 branches of the dungeon, and saw 13 of its levels.
You also visited: Ossuary.

You collected 1599 gold pieces.
You spent 401 gold pieces at shops.

Inventory:

Hand Weapons
 w - the +5 dagger of Tortfeasance {venom, *Rage rPois rN+ Str+2}
   (You found it on level 6 of the Dungeon)

   It poisons the flesh of those it strikes.
   It affects your strength (+2).
   It protects you from poison.
   It protects you from negative energy.
   It may make you go berserk in combat.
 C - a +2 war axe (weapon)
 E - a +2 falchion of slicing
 Q - a +6 war axe of chopping
 R - a +0 battleaxe of freezing
 S - the +10 scimitar of Peniaho {drain, +Fly, unknown}
   (You found it on level 2 of the Orcish Mines)

   A truly terrible weapon, it drains the life of those it strikes.
   It lets you fly.
 U - a +3 great sword of freezing
 V - a cursed -3 long sword
Missiles
 q - 21 tomahawks (quivered)
 P - 4 tomahawks of returning
Armour
 g - a +0 ring mail
 s - a +1 helmet (worn)
 t - a +0 helmet
 y - a +1 chain mail of cold resistance
 B - a +0 pair of gloves (worn)
 T - a +1 chain mail of cold resistance (worn)
Magical Staves
 L - an uncursed staff of earth {unknown}
Jewellery
 a - a +3 ring of intelligence (left hand)
 n - an uncursed amulet of the gourmand
 r - an amulet of rage (around neck)
 H - a +3 ring of protection (right hand)
Wands
 i - a wand of polymorph (1)
 F - a wand of acid (11)
 G - a wand of flame (31)
 M - a wand of iceblast (10)
 O - a wand of paralysis (16)
Scrolls
 b - 9 scrolls of identify
 d - 2 scrolls of enchant weapon {unknown}
 f - 2 scrolls of magic mapping
 p - 2 scrolls of enchant armour
 u - 3 scrolls of remove curse
 v - 2 scrolls of teleportation
 z - a scroll of immolation {unknown}
 D - 5 scrolls of amnesia
Potions
 e - a potion of invisibility {unknown}
 h - 3 potions of brilliance {unknown}
 j - 3 potions of might
 k - 3 potions of lignification
 l - a potion of ambrosia {unknown}
 m - 2 potions of flight {unknown}
 o - 2 potions of degeneration {unknown}
 x - a potion of berserk rage {unknown}
 A - a potion of mutation {unknown}
 J - 2 potions of magic {unknown}
 K - 3 potions of curing {unknown}
 N - a potion of cancellation {unknown}
Books
 I - a book of Air

   Spells                             Type                      Level
   a - Shock                          Conjuration/Air              1
   b - Swiftness                      Charms/Air                   2
   c - Static Discharge               Conjuration/Air              3
   d - Airstrike                      Air                          4
   e - Lightning Bolt                 Conjuration/Air              5
Miscellaneous
 W - a crystal ball of energy
Comestibles
 c - 18 rations


   Skills:
 + Level 12.8(10.3) Fighting
 + Level 17.6(14.9) Axes
 + Level 10.2(7.9) Armour
 + Level 6.0(3.9) Dodging
 + Level 5.3(3.3) Stealth
 + Level 0.8(0.0) Unarmed Combat
 + Level 3.9(1.9) Invocations
 + Level 3.2(1.3) Evocations


You had 12 spell levels left.
You didn't know any spells.

Dungeon Overview and Level Annotations

Branches:
Dungeon (10/15)            Temple (0/1) D:6             Orc (2/2) D:10
    Elf (1/3) Orc:2
   Lair: D:8-11

Altars:
Elyvilon
Nemelex Xobeh
Sif Muna
Xom
Zin
The Shining One

Shops:
D:5 *:[::   D:8 =   D:10 [*   Orc:2 (=*%   Elf:1 =


Message History

* * * LOW HITPOINT WARNING * * *
You closely miss the deep elf knight. You miss the mace of venom.
Your chain mail prevents you from hitting the battleaxe of freezing.
You feel sick.
The mace of venom hits you but does no damage.
You are more poisoned.
The battleaxe of freezing hits you but does no damage.
The deep elf knight hits you with a scimitar of draining.
* * * LOW HITPOINT WARNING * * *
You feel drained.
You closely miss the deep elf knight.
You hit the mace of venom but do no damage.
You miss the battleaxe of freezing.
You feel sick.
The mace of venom hits you but does no damage.
The battleaxe of freezing hits you!!
* * * LOW HITPOINT WARNING * * *
The battleaxe of freezing freezes you.
* * * LOW HITPOINT WARNING * * *
The deep elf knight hits you with a scimitar of draining!
You die... #.######..# #. #.oooooooo#####

#≈≈≈≈ooooo#...#
#≈≈≈≈≈≈≈≈≈#.[.#
#8≈≈≈≈≈≈≈8#...#
#####'#####.e.#
+...).....#...#
#........o#(..#
#..#####)o@(..#
+..#####oo#e..#
#.......oo#####
#........o'ooo#
######'##'#####oo)#
#oooo[oo#)oo..#o..#
#..oooo.#.....#...#
#..oo...#.....#...#
###################


You could see a deep elf archer, a deep elf knight, 2 dancing weapons, 2
friendly orc knights, 2 friendly orc warriors, 2 friendly orc priests and a
friendly orc.

Vanquished Creatures
  An angel (Elf:1)
  Harold (Orc:1)
  2 dancing weapons (Elf:1)
  A two-headed ogre (D:8)
  An orc high priest (Orc:2)
  Pikel (D:4)
  3 deep elf magi (Elf:1)
  An orc sorcerer (Orc:2)
  Maurice (D:9)
  3 trolls (Orc:2)
  The ghost of Artool the Cudgeler, an amateur DsGl (D:3)
  Grinder (D:4)
  A hippogriff (D:10)
  A human (D:7)
  7 yaks
  2 hogs (D:7)
  2 wargs
  2 water moccasins
  A sky beast (D:6)
  3 orc warriors
  2 ice beasts
  A phantom (D:9)
  9 ogres
  5 centaurs
  An elf zombie (Ossuary)
  A big kobold (D:9)
  3 bullfrogs
  11 scorpions
  3 wights (D:9)
  4 killer bees (D:10)
  4 howler monkeys
  4 crimson imps
  2 centaur zombies (Ossuary)
  5 orc wizards
  A human zombie (Ossuary)
  5 orc priests
  A hound (D:6)
  A bullfrog skeleton (D:6)
  An iguana (D:4)
  Ijyb (D:2)
  Terence (D:3)
  Natasha (thrice) (D:3)
  10 worker ants
  2 mummies (Ossuary)
  A worker ant zombie (D:9)
  Robin (D:3)
  A howler monkey zombie (D:10)
  5 adders
  4 gnolls (D:9)
  2 shadow imps
  2 oozes
  An adder zombie (D:6)
  3 worms
  4 leopard geckos
  15 orcs
  6 giant cockroaches
  13 goblins
  10 hobgoblins
  5 jackals
  6 kobolds
  3 quokkas (D:3)
  A ball python skeleton (D:5)
  8 bats
  5 frilled lizards
  A goblin zombie (Ossuary)
  9 hobgoblin zombies (Ossuary)
  A jackal zombie (Ossuary)
  8 kobold zombies (Ossuary)
  A leopard gecko zombie (D:5)
  10 orc zombies (Ossuary)
  A quokka zombie (D:7)
  7 rats
  A rat zombie (Ossuary)
252 creatures vanquished.

Vanquished Creatures (collateral kills)
  Rupert (Orc:2)
  3 orc warlords
  An angel (Elf:1)
  10 two-headed ogres
  2 ogre magi (Orc:2)
  An orc high priest (Orc:2)
  2 deep elf knights
  Sonja (D:10)
  2 deep trolls (Orc:2)
  2 deep elf archers (Elf:1)
  An orc knight (Orc:2)
  3 cyclopes (Orc:2)
  9 deep elf magi
  3 orc sorcerers (Orc:2)
  6 trolls
  The ghost of JOKERXD40 the Chopper, an amateur HOMo of Beogh (D:4)
  2 hippogriffs
  A hog (D:7)
  2 yaks (D:10)
  Menkaure (D:5)
  A warg (Orc:1)
  15 orc warriors
  2 sky beasts
  A phantom (D:6)
  23 ogres
  A centaur (D:10)
  An elf zombie (Ossuary)
  3 bullfrogs
  2 earth elementals (Elf:1)
  A wyvern zombie (D:7)
  2 scorpions
  A killer bee (D:10)
  A crimson imp (D:9)
  A centaur zombie (Ossuary)
  A jelly (D:9)
  4 orc priests
  2 bullfrog skeletons
  An iguana (D:8)
  4 orc wizards
  A hound skeleton (D:7)
  3 gnolls (D:9)
  3 adders
  2 leopard geckos
  22 orcs
  A quokka (D:8)
  A jackal zombie (Ossuary)
  A fungus (D:5)
  2 plants (D:5)
157 creatures vanquished.

Vanquished Creatures (others)
  4 orc knights
  9 orc warriors
  13 orc wizards
  A hound (D:4)
  6 orc priests
  An adder skeleton (D:4)
  61 orcs
  3 goblins (D:3)
  A hobgoblin (D:3)
  A jackal (D:3)
  A ball python (D:3)
101 creatures vanquished.

Grand Total: 510 creatures vanquished

Notes
Turn   | Place    | Note
-------+----------+-------------------------------------------
     0 | D:1      | JOKERXD40 the Hill Orc Monk began the quest for the Orb.
     0 | D:1      | Reached XP level 1. HP: 19/19 MP: 1/1
   100 | D:1      | Reached XP level 2. HP: 22/27 MP: 2/2
   319 | D:2      | Reached XP level 3. HP: 11/33 MP: 3/3
   354 | D:2      | Found a shimmering altar of Xom.
   825 | D:3      | Became a worshipper of Beogh the Brigand
   825 | D:3      | Reached * piety under Beogh
   825 | D:3      | Reached ** piety under Beogh
   834 | D:3      | Noticed Artool's ghost (amateur DsGl)
  1286 | D:2      | Reached skill level 5 in Axes
  1286 | D:2      | Reached XP level 4. HP: 13/41 MP: 4/4
  1520 | D:3      | Reached skill level 1 in Armour
  1521 | D:3      | Reached XP level 5. HP: 33/47 MP: 5/5
  1536 | D:3      | Noticed Ijyb
  1771 | D:2      | Killed Ijyb
  1948 | D:3      | Reached skill level 5 in Fighting
  2250 | D:3      | Noticed Robin
  2257 | D:3      | Killed Robin
  2272 | D:3      | Found a sparkling altar of Nemelex Xobeh.
  2273 | D:3      | Noticed Natasha
  2276 | D:3      | Killed Natasha
  2276 | D:3      | Reached skill level 6 in Axes
  2298 | D:3      | Noticed Natasha
  2305 | D:3      | Killed Natasha
  2305 | D:3      | Reached XP level 6. HP: 54/56 MP: 6/6
  2354 | D:3      | Killed Artool's ghost
  2354 | D:3      | Reached XP level 7. HP: 29/61 MP: 7/7
  2361 | D:3      | Noticed Natasha
  2591 | D:3      | Killed Natasha
  2591 | D:3      | Reached skill level 7 in Axes
  2620 | D:3      | Noticed Terence
  2626 | D:3      | Killed Terence
  2747 | D:3      | Reached *** piety under Beogh
  2918 | D:4      | Reached skill level 8 in Axes
  2961 | D:4      | Noticed Grinder
  2962 | D:4      | Noticed Pikel
  2964 | D:4      | Noticed JOKERXD40's ghost (amateur HOMo)
  2964 | D:4      | Paralysed by Grinder for 3 turns
  2974 | D:4      | Killed Pikel
  2974 | D:4      | Reached skill level 9 in Axes
  2974 | D:4      | Reached XP level 8. HP: 53/71 MP: 8/8
  2977 | D:4      | Killed JOKERXD40's ghost
  2977 | D:4      | Reached skill level 10 in Axes
  2980 | D:4      | Killed Grinder
  3520 | D:4      | Reached skill level 1 in Evocations
  3883 | D:5      | Entered Level 5 of the Dungeon
  4184 | D:5      | Noticed Menkaure
  4191 | D:5      | Killed Menkaure
  4191 | D:5      | Reached skill level 11 in Axes
  4191 | D:5      | Reached XP level 9. HP: 63/79 MP: 9/9
  4623 | D:5      | Found the +7 Singing Sword
  4667 | D:5      | Found Qaunwum's Book Emporium.
  4729 | D:5      | Found Vaveugi's General Store.
  4740 | D:5      | Bought a potion of heal wounds for 70 gold pieces
  4898 | D:5      | Found Baec's Book Shop.
  4950 | D:5      | Found Meskuren's Book Shoppe.
  5007 | D:5      | Found Texiwnit's Armour Emporium.
  5012 | D:5      | Bought a +0 pair of gloves for 58 gold pieces
  5049 | D:6      | Found a staircase to the Ecumenical Temple.
  5153 | D:6      | Reached skill level 12 in Axes
  5153 | D:6      | Reached skill level 5 in Armour
  5634 | D:6      | Got a sapphire dagger
  5635 | D:6      | Identified the +5 dagger of Tortfeasance {venom, *Rage rPois rN+ Str+2} (You found it on level 6 of the Dungeon)
  5663 | D:6      | Reached **** piety under Beogh
  5667 | D:6      | Gained Boldo as an ally
  5834 | D:6      | Got a warped dagger
  5835 | D:6      | Identified the +3 dagger of Corruption {chaos, +Inv rF- Str+4 Dex-5} (You found it on level 6 of the Dungeon)
  6364 | D:7      | Reached XP level 10. HP: 84/88 MP: 10/10
  6448 | D:7      | Gained Okrist as an ally
  6612 | D:7      | Reached skill level 13 in Axes
  6776 | D:7      | Found a deep blue altar of Sif Muna.
  7051 | D:8      | Found a sand-covered staircase.
  7103 | D:8      | Noticed a two-headed ogre
  7107 | D:8      | Gained Zartorak as an ally
  7111 | D:8      | Killed a two-headed ogre
  7155 | D:8      | Found Ripsiore's Jewellery Emporium.
  7181 | D:8      | Bought a +3 ring of protection for 273 gold pieces
  7420 | Ossuary  | Entered an ossuary
  7453 | Ossuary  | Reached ***** piety under Beogh
  7453 | Ossuary  | Reached skill level 14 in Axes
  7762 | D:8      | Gained Korbok as an ally
  8065 | D:9      | Noticed Maurice
  8077 | D:9      | Killed Maurice
  8101 | D:9      | Reached skill level 5 in Dodging
  8101 | D:9      | Reached XP level 11. HP: 93/99 MP: 11/11
  8223 | D:9      | Noticed a two-headed ogre
  8233 | D:9      | Killed a two-headed ogre
  8661 | D:9      | Reached skill level 10 in Fighting
  8905 | D:10     | Entered Level 10 of the Dungeon
  8935 | D:10     | Noticed Sonja
  8943 | D:10     | Your ally Boldo died
  8944 | D:10     | Killed Sonja
  8944 | D:10     | Reached skill level 15 in Axes
  8976 | D:10     | Found Xixkyerhe's Armour Boutique.
  9036 | D:10     | Found Tevavvoca's Assorted Antiques.
  9441 | D:10     | Reached skill level 1 in Invocations
  9991 | D:10     | Found a staircase to the Orcish Mines.
 10221 | Orc:1    | Entered Level 1 of the Orcish Mines
 10314 | Orc:1    | Noticed Harold
 10325 | Orc:1    | Killed Harold
 10686 | Orc:2    | Entered Level 2 of the Orcish Mines
 10686 | Orc:2    | Noticed an orc high priest
 10693 | Orc:2    | Killed an orc high priest
 10763 | Orc:2    | Reached ****** piety under Beogh
 10819 | Orc:2    | Noticed a two-headed ogre
 10820 | Orc:2    | Noticed a cyclops
 10821 | Orc:2    | Noticed a two-headed ogre
 10826 | Orc:2    | Found Kaositaf's Jewellery Shop.
 10827 | Orc:2    | Killed a two-headed ogre
 10828 | Orc:2    | Found Jetok's Food Boutique.
 10828 | Orc:2    | Noticed a two-headed ogre
 10831 | Orc:2    | Killed a two-headed ogre
 10832 | Orc:2    | Noticed a two-headed ogre
 10833 | Orc:2    | Noticed a two-headed ogre
 10833 | Orc:2    | Noticed a deep troll
 10834 | Orc:2    | Killed a cyclops
 10834 | Orc:2    | Reached skill level 16 in Axes
 10834 | Orc:2    | Reached XP level 12. HP: 107/110 MP: 11/13
 10838 | Orc:2    | Noticed a two-headed ogre
 10838 | Orc:2    | Your ally Korbok died
 10840 | Orc:2    | Noticed an ogre mage
 10841 | Orc:2    | Killed a two-headed ogre
 10841 | Orc:2    | Killed a two-headed ogre
 10842 | Orc:2    | Noticed a two-headed ogre
 10842 | Orc:2    | Noticed a two-headed ogre
 10842 | Orc:2    | Found Xakeokao's Assorted Antiques.
 10842 | Orc:2    | Found Bokozxesh's Weapon Shoppe.
 10842 | Orc:2    | Killed a two-headed ogre
 10843 | Orc:2    | Noticed an ogre mage
 10845 | Orc:2    | Killed a two-headed ogre
 10850 | Orc:2    | Killed a two-headed ogre
 10851 | Orc:2    | Killed a two-headed ogre
 10852 | Orc:2    | Your ally Okrist died
 10852 | Orc:2    | Killed an ogre mage
 10852 | Orc:2    | Killed an ogre mage
 11199 | Orc:2    | Found a staircase to the Elven Halls.
 11238 | Orc:2    | Noticed Rupert
 11238 | Orc:2    | Noticed a two-headed ogre
 11239 | Orc:2    | Paralysed by Rupert for 5 turns
 11248 | Orc:2    | Killed a two-headed ogre
 11248 | Orc:2    | Killed Rupert
 11248 | Orc:2    | Reached skill level 17 in Axes
 11248 | Orc:2    | Reached skill level 5 in Stealth
 11304 | Orc:2    | Noticed a deep elf knight
 11305 | Orc:2    | Noticed an orc high priest
 11306 | Orc:2    | Noticed a sun demon
 11309 | Orc:2    | Noticed a soul eater
 11314 | Orc:2    | Noticed an orc warlord
 11318 | Orc:2    | Gained Bogmar as an ally
 11319 | Orc:2    | Killed an orc high priest
 11322 | Orc:2    | Was placed under penance by Beogh
 11323 | Orc:2    | Your ally Bogmar died
 11324 | Orc:2    | Killed a deep elf knight
 11327 | Orc:2    | Your ally Zartorak died
 11328 | Orc:2    | Killed an orc warlord
 11594 | Orc:2    | Noticed an orc warlord
 11602 | Orc:2    | Killed an orc warlord
 12808 | Elf:1    | Entered Level 1 of the Elven Halls
 12877 | Elf:1    | Reached XP level 13. HP: 73/119 MP: 15/15
 13098 | Elf:1    | Was forgiven by Beogh
 13099 | Elf:1    | Noticed an orc warlord
 13105 | Elf:1    | Killed an orc warlord
 13291 | Orc:2    | Got an ichor-stained scimitar {drain}
 13476 | Elf:1    | Found Naiq Ysi's Jewellery Boutique.
 13657 | Elf:1    | Noticed an angel
 13658 | Elf:1    | Found a white marble altar of Elyvilon.
 13659 | Elf:1    | Noticed an angel
 13659 | Elf:1    | Found a glowing silver altar of Zin.
 13670 | Elf:1    | Found a glowing golden altar of the Shining One.
 13713 | Elf:1    | Killed an angel
 13715 | Elf:1    | Killed an angel
 13715 | Elf:1    | Reached skill level 10 in Armour
 14430 | Elf:1    | HP: 3/119 [battleaxe of freezing (5)]
 14430 | Elf:1    | Mangled by a deep elf knight

Skill      XL: |  1  2  3  4  5  6  7  8  9 10 11 12 13 |
---------------+----------------------------------------+-----
Fighting       | 4 5 6 7 8 9 11 12 | 12.8
Axes           | 5 6 9 11 12 14 16 17 | 17.6
Armour         | 1 2 3 4 5 6 7 9 10 | 10.2
Dodging        | 3 4 5 6 |  6.0
Stealth        | 2 3 4 5 |  5.3
Evocations     | 1 2 3 |  3.2
Invocations    | 2 3 |  3.9
Unarmed Combat | |  0.8

Action                   |  1- 3 |  4- 6 |  7- 9 | 10-12 | 13-15 || total
-------------------------+-------+-------+-------+-------+-------++-------
Melee: Hand axe          |   207 |    69 |       |       |       ||   276
       Unarmed           |       |    36 |       |       |       ||    36
       War axe           |       |    54 |   240 |   421 |    55 ||   770
       Punch             |       |       |       |     3 |       ||     3
Invok: Convert to Beogh  |     1 |       |       |       |       ||     1
       Give Item to Name |       |       |       |     3 |       ||     3
       Recall Orcish Fol |       |       |       |     6 |     3 ||     9
       Smiting           |       |       |       |     2 |       ||     2
 Abil: Evoke Berserk Rag |       |       |     1 |     5 |     2 ||     8
Evoke: Wand              |       |       |       |     1 |       ||     1
  Use: Scroll            |     2 |       |     4 |     4 |       ||    10
       Potion            |       |     1 |       |     6 |     1 ||     8
 Stab: Sleeping          |     1 |       |     1 |     5 |       ||     7
       Confused          |       |     1 |       |     1 |       ||     2
       Distracted        |       |       |       |     7 |     2 ||     9
  Eat: Chunk             |     9 |     5 |     2 |     6 |       ||    22
       Ration            |       |       |     2 |     5 |     2 ||     9
Armor: Ring mail         |    76 |    42 |    83 |    96 |       ||   297
       Chain mail        |       |       |       |    25 |    27 ||    52
       Skin              |       |       |       |       |     7 ||     7
Dodge: Dodged            |   143 |    94 |   126 |   228 |    27 ||   618
